Map: Lerilak Crest

Players

LilDicky

  • Race: Terran Terran
  • League: Diamond

Fernandes - Winner!

  • Race: Zerg Zerg
  • League: Diamond

VOD

http://www.twitch.tv/tumescentpie

Description

Time

  • Played on: Dec. 4, 2015, 1:23 p.m.
  • Length: 12:36
Show
View Real Time Build Order
Export as new Build Order

LilDicky Terran 

Build Orders: Reaper Expand, MMM Bio 

Get SALT Encoding   

  12  0:02  SCV  
  13  0:14  SCV  
  13  0:18  Supply Depot  
  14  0:26  SCV  
  15  0:31  Refinery  
  15  0:40  SCV  
  16  0:45  Barracks  
  16  0:52  SCV  
  17  1:04  SCV  
  18  1:16  SCV  
  19  1:32  Orbital Command  
  19  1:33  Reaper  
  20  1:47  Command Center  
  20  2:06  Barracks Tech Lab, Factory  
  20  2:13  SCV  
  21  2:19  Refinery  
  21  2:24  Supply Depot  
  21  2:30  Bunker  
  21  2:35  Marine  
  22  2:39  SCV  
  23  3:00  Bunker  
  22  3:29  SCV  
  22  3:32  Command Center  
  24  3:39  Orbital Command  
  24  3:41  SCV  
  24  3:45  Marine  
  24  3:47  Siege Tank  
  28  3:53  SCV  
  29  4:03  Marine  
  29  4:05  SCV  
  31  4:11  SCV  
  32  4:19  SCV  
  32  4:24  Barracks Tech Lab  
  33  4:25  Barracks  
  33  4:26  Barracks  
  33  4:28  SCV  
  33  4:31  SCV  
  35  4:33  Siege Tank  
  38  4:43  SCV  
  38  4:45  SCV, Marine  
  40  4:48  Stimpack  
  41  4:55  SCV  
  42  5:07  SCV  
  42  5:09  Orbital Command  
  42  5:10  SCV  
  42  5:13  Barracks Reactor  
  44  5:14  Barracks Tech Lab  
  44  5:17  Siege Tank  
  44  5:18  Barracks  
  44  5:19  SCV, Barracks  
  48  5:23  Starport  
  48  5:26  Marine  
  49  5:30  SCV  
  49  5:31  SCV  
  49  5:35  Marine  
  52  5:40  Engineering Bay  
  52  5:42  SCV  
  53  5:43  SCV x2, Engineering Bay  
  53  5:44  Marine  
  53  5:49  Siege Tank  
  59  5:52  Marine x2  
  61  6:03  Starport Reactor  
  61  6:07  Supply Depot  
  61  6:12  Refinery  
  61  6:13  Refinery  
  61  6:14  Missile Turret  
  61  6:20  Missile Turret  
  61  6:22  Barracks Reactor x2, Missile Turret  
  61  6:26  Supply Depot  
  61  6:29  SCV x3, Marine x4  
  61  6:32  Refinery  
  68  6:41  SCV  
  69  6:47  SCV, Marine x4  
  69  6:48  SCV, Missile Turret  
  69  6:53  SCV  
  76  6:54  Missile Turret  
  76  6:59  Missile Turret  
  76  7:00  SCV, Missile Turret  
  77  7:04  Terran Infantry Weapons Level 1  
  77  7:10  Supply Depot  
  77  7:11  Supply Depot x2  
  77  7:13  Supply Depot x2  
  77  7:19  Supply Depot  
  77  7:24  Supply Depot  
  77  7:27  Supply Depot  
  77  7:31  Medivac x2, Marine x3  
  77  7:32  SCV x2, Siege Tank, Marine x5  
  77  7:34  SCV  
  77  7:36  Terran Infantry Armor Level 1  
  95  7:40  Supply Depot  
  95  7:44  SCV  
  95  7:49  Marine x3  
  98  7:52  SCV x2, Marine x2, Supply Depot  
  98  7:53  Marine  
  98  7:54  Marine  
  98  7:56  Concussive Shells  
  104  7:58  Combat Shields  
  104  8:00  Marine  
  104  8:03  Medivac  
  107  8:11  Marine x2  
  107  8:12  Marine x2  
  108  8:13  Marine  
  108  8:14  Marauder  
  108  8:19  SCV x2  
  115  8:20  Armory, Marine  
  115  8:25  SCV  
  117  8:31  SCV x2  
  119  8:37  SCV  
  120  8:42  Supply Depot, Marine x3  
  120  8:45  Missile Turret  
  120  8:47  Supply Depot  
  123  8:53  Supply Depot  
  123  8:54  Supply Depot, Marine  
  123  8:55  Command Center, Marine  
  125  8:57  Missile Turret  
  112  9:21  Marine  
  112  9:22  Marine x7  
  113  9:27  Siege Tank, Medivac x2  
  113  9:29  Terran Infantry Weapons Level 2  
  120  9:31  Supply Depot  
  120  9:39  Marine  
  120  9:40  Marine x2  
  120  9:41  Marauder x2  
  125  9:51  Marine x2  
  121  9:59  Marine  
  108  10:00  Marine x3  
  108  10:01  Medivac, Marine  
  108  10:02  Marauder, Medivac  
  115  10:09  Marine x2  
  117  10:17  Marine x4  
  120  10:27  Planetary Fortress  
  106  10:29  Marine  
  106  10:30  Marine x3  
  106  10:33  Medivac x2  
  106  10:35  Marine x4  
  103  10:46  Liberator x2  
  103  10:47  Marine  
  103  10:48  Marine x3  
  102  10:52  Marine  
  102  10:53  Marine  
  98  10:57  Marine x2  
  96  11:05  Marine  
  96  11:06  Marine x3  
  96  11:10  Marine  
  96  11:11  Marine  
  95  11:15  Marine x2  
  85  11:23  Marine  
  85  11:24  Marine x3  
  81  11:28  Marine  
  81  11:29  Marine  
  73  11:33  Marine x2  
  68  11:41  Marine x4  
  68  11:42  Thor  
  68  11:46  Marine x2  
  69  11:51  Marine x2  
  63  11:59  Marine x4  
  55  12:04  Marine x2  
  53  12:09  Marine x2  
  53  12:11  Missile Turret  
  51  12:16  Marine  
  51  12:17  Marine x3  
  51  12:21  SCV x2  
Show
View Real Time Build Order
Export as new Build Order

Fernandes Zerg - Winner!

Build Orders: Pool First, Muta Ling Bane 

Get SALT Encoding   

  12  0:01  Drone  
  13  0:08  Drone  
  14  0:23  Extractor  
  14  0:24  Drone  
  14  0:25  Drone, Extractor  
  16  0:36  Spawning Pool  
  16  0:42  Overlord  
  15  1:00  Drone x3  
  18  1:14  Extractor  
  17  1:20  Drone  
  17  1:23  Drone  
  17  1:24  Hatchery  
  18  1:33  Queen  
  18  1:37  Drone  
  21  1:45  Overlord  
  21  1:59  Drone  
  22  2:05  Drone  
  23  2:09  Extractor  
  23  2:11  Queen  
  24  2:21  Drone  
  25  2:30  Hatchery  
  24  2:38  Drone  
  24  2:39  Drone  
  24  2:42  Metabolic Boost  
  26  2:47  Zergling x2  
  26  2:49  Zergling x2  
  28  2:59  Zergling x4  
  28  3:00  Zergling x2  
  29  3:25  Drone x3  
  32  3:31  Drone x4  
  36  3:46  Lair  
  36  3:56  Drone x5  
  36  3:57  Drone  
  42  4:14  Extractor  
  42  4:15  Overlord x2, Extractor  
  40  4:23  Overlord  
  40  4:30  Overlord  
  40  4:32  Queen  
  40  4:38  Drone x3  
  45  4:39  Drone x3  
  48  4:47  Overlord x2  
  48  4:53  Baneling Nest  
  44  5:03  Drone  
  44  5:04  Drone x8  
  53  5:19  Spire  
  52  5:21  Drone x5  
  52  5:24  Overlord  
  52  5:26  Drone  
  58  5:29  Overlord  
  58  5:38  Burrow  
  58  5:49  Hatchery, Drone x2  
  59  5:53  Extractor  
  59  5:55  Drone  
  59  5:58  Extractor  
  59  6:04  Overseer  
  58  6:08  Centrifical Hooks  
  58  6:15  Spore Crawler  
  58  6:17  Drone x4  
  61  6:28  Drone  
  61  6:29  Zergling x2  
  61  6:30  Zergling x22  
  74  6:36  Mutalisk  
  74  6:37  Mutalisk x5  
  86  6:40  Mutalisk  
  86  6:43  Mutalisk  
  90  6:54  Overlord x4  
  90  6:57  Baneling x2  
  90  6:58  Baneling x4  
  90  6:59  Baneling x2  
  90  7:01  Baneling x2  
  90  7:02  Baneling x2  
  90  7:03  Baneling  
  90  7:04  Baneling x2  
  90  7:05  Baneling  
  90  7:17  Mutalisk x4  
  90  7:20  Drone x3  
  101  7:23  Drone x2  
  101  7:26  Queen  
  105  7:34  Drone x2  
  105  7:35  Evolution Chamber  
  105  7:36  Evolution Chamber  
  104  7:46  Drone x3  
  104  7:48  Drone x7  
  104  7:49  Drone  
  104  7:50  Drone  
  116  8:00  Mutalisk x4  
  116  8:02  Zergling x2  
  125  8:39  Mutalisk  
  127  8:41  Overlord x2  
  127  8:42  Overlord x6  
  127  8:46  Drone  
  127  8:47  Overlord  
  127  8:48  Overlord x2  
  128  8:55  Zerg Ground Armor Level 1  
  128  9:04  Zergling x2  
  128  9:05  Zergling x24  
  134  9:25  Spawning Pool  
  133  9:33  Mutalisk x6  
  133  9:34  Mutalisk x6  
  157  9:45  Extractor  
  127  9:58  Baneling x6  
  127  9:59  Mutalisk x4, Baneling x8  
  115  10:00  Mutalisk x6  
  115  10:01  Mutalisk  
  136  10:07  Overlord  
  136  10:08  Drone  
  136  10:09  Drone x8  
  118  10:35  Mutalisk x4  
  103  11:03  Mutalisk x3  
  103  11:04  Zergling x2  
  103  11:05  Zergling x16  
  87  11:56  Mutalisk x7  
  87  11:57  Zergling x2  
  87  11:58  Zergling x8  
  104  12:08  Mutalisk  
  100  12:09  Zergling x2  
  100  12:10  Zergling x4  
Tags
 
Add a new tag
Caveats
  • Supply blocks, unpowered buildings, or Contaminate may cause inaccurate times.
  • Supply counts are checked every 10 seconds.